Vancouver Canucks vs Chicago Black Hawks
(R1)
Created - Monday, March 20, 2023 at 07:51
Goals
|
| Vancouver Canucks |
0 |
1 |
1 |
2 |
| Chicago Black Hawks |
2 |
2 |
2 |
6 |
|
Shots
|
| Vancouver Canucks |
13 |
6 |
9 |
28 |
| Chicago Black Hawks |
12 |
8 |
21 |
41 |
|
1st period
1. Chicago Black Hawks , Travis Konecny 5 (Rasmus Andersson 3, Nicolas Hague 2) at 3:31
2. Chicago Black Hawks , Matt Duchene 3 (Steven Stamkos 6, Matthew Tkachuk 6) at 7:29
Penalties :
Miro Heiskanen (VAN) for Diving (Minor) at 12:48, Rasmus Ristolainen (CHI) for Interference (Minor) at 19:53
2nd period
3. Vancouver Canucks , Aleksander Barkov 2 (Clayton Keller 2) at 1:08 (PP)
4. Chicago Black Hawks , Bo Horvat 4 (Devon Toews 2, Brent Burns 3) at 3:31
5. Chicago Black Hawks , Matt Duchene 4 (Steven Stamkos 7, Rasmus Andersson 4) at 4:56
Penalties :
Nicolas Hague (CHI) for Hooking (Minor) at 13:31, Nikita Zadorov (VAN) for Tripping (Minor) at 19:26
3rd period
6. Chicago Black Hawks , Steven Stamkos 8 (Matt Duchene 7, Brent Burns 4) at 1:12 (PP)
7. Chicago Black Hawks , Matt Duchene 5 (Mikhail Sergachev 5, Chris Kreider 7) at 2:59 (PP)
8. Vancouver Canucks , Clayton Keller 1 (Mikko Rantanen 4, Aleksander Barkov 4) at 16:08 (PP)
Penalties :
Mikko Rantanen (VAN) for Hooking (Minor) at 1:36, Lawson Crouse (CHI) for Fighting (Major) at 7:48, Mikko Rantanen (VAN) for Fighting (Major) at 7:48, Jesperi Kotkaniemi (VAN) for Hooking (Minor) at 12:18, Travis Konecny (CHI) for Roughing (Minor) at 15:54, Robby Fabbri (VAN) for Tripping (Minor) at 17:57
Goalie Stats
Joonas Korpisalo (VAN), 12 saves from 16 shots - (0.750), L, 0-2-0, 24:56 minutes
Ville Husso (VAN), 23 saves from 25 shots - (0.920), 35:04 minutes
Ilya Sorokin (CHI), 26 saves from 28 shots - (0.929), W, 4-2-1, 60:00 minutes
Players Stats for Vancouver Canucks
Player Name G A P +/- PIM S H SB GA TA FO MP PP MP PK MP
------------------------------------------------------------------------------------
Adam Boqvist 0 0 0 0 0 1 0 0 0 0 0/0 17:04 2:11 0:39
Aleksander Barkov 1 1 2 -1 0 4 6 0 0 0 11/16 18:06 1:58 2:33
Alex Formenton 0 0 0 -1 0 2 2 0 0 0 0/1 16:58 0:00 5:32
Anton Lundell 0 0 0 0 0 4 1 1 0 0 15/34 22:30 1:18 5:32
Artturi Lehkonen 0 0 0 -1 0 2 0 0 1 0 0/1 15:06 1:18 1:10
Casey Mittelstadt 0 0 0 -1 0 1 1 0 0 0 2/4 12:42 0:00 0:52
Clayton Keller 1 1 2 -2 0 2 2 1 1 0 0/1 12:42 2:10 2:33
Jake Bean 0 0 0 -1 0 1 0 1 0 0 0/0 16:09 1:17 4:38
Jesperi Kotkaniemi 0 0 0 -1 2 1 0 0 0 0 0/0 12:35 0:00 0:00
Kasperi Kapanen 0 0 0 -1 0 2 0 1 0 0 0/1 11:36 0:12 0:00
Mikko Rantanen 0 1 1 0 7 2 4 0 1 1 0/2 16:29 2:10 0:21
Miro Heiskanen 0 0 0 -2 2 2 2 0 1 2 0/0 25:19 1:17 3:49
Nathan Smith 0 0 0 -2 0 1 1 1 0 0 1/2 7:44 0:00 0:00
Nikita Zadorov 0 0 0 -1 2 1 1 0 0 0 0/0 17:14 0:00 0:00
Noah Hanifin 0 0 0 -2 0 0 1 2 0 0 0/0 18:59 2:11 3:48
Olli Maatta 0 0 0 -2 0 1 1 4 0 0 0/0 25:15 0:00 5:18
Robby Fabbri 0 0 0 0 2 1 2 0 0 0 0/0 16:57 1:18 0:00
Sam Lafferty 0 0 0 -2 0 0 1 0 0 0 0/0 7:44 0:00 0:00
Players Stats for Chicago Black Hawks
Player Name G A P +/- PIM S H SB GA TA FO MP PP MP PK MP
------------------------------------------------------------------------------------
Barclay Goodrow 0 0 0 0 0 0 0 0 0 0 4/9 10:23 0:00 2:00
Bo Horvat 1 0 1 1 0 3 2 0 0 0 5/9 16:38 3:06 0:48
Brent Burns 0 2 2 2 0 1 1 2 0 1 0/0 26:47 6:04 1:12
Bryan Rust 0 0 0 0 0 1 0 0 0 0 0/0 8:23 0:00 0:00
Chris Kreider 0 1 1 1 0 2 3 0 0 0 1/3 20:11 6:00 1:19
Devon Toews 0 1 1 2 0 1 2 1 0 0 0/0 24:03 3:02 2:16
Lawson Crouse 0 0 0 0 5 1 2 0 0 1 0/0 9:36 0:00 2:03
Matt Duchene 3 1 4 2 0 7 1 0 1 0 0/2 22:14 6:00 0:00
Matthew Tkachuk 0 1 1 2 0 3 0 2 0 0 0/1 19:28 3:06 0:14
Mikhail Sergachev 0 1 1 0 0 2 2 2 0 0 0/0 24:35 6:04 1:12
Nicolas Hague 0 1 1 2 2 3 0 1 0 1 0/0 12:19 0:00 0:57
Nikolaj Ehlers 0 0 0 1 0 1 0 0 1 0 0/0 10:04 0:00 0:00
Phillip Danault 0 0 0 1 0 0 0 0 0 0 3/4 10:36 0:00 0:32
Rasmus Andersson 0 2 2 2 0 0 1 0 0 0 0/0 14:01 0:00 0:00
Rasmus Ristolainen 0 0 0 0 2 1 0 0 0 0 0/0 15:12 0:00 1:19
Steven Stamkos 1 2 3 2 0 6 1 0 0 0 19/33 22:14 6:00 0:00
Travis Konecny 1 0 1 1 2 5 1 0 1 1 0/0 13:10 3:06 0:00
Vladimir Tarasenko 0 0 0 1 0 4 1 1 0 0 1/1 16:34 3:02 0:00
3 Stars
1 - Matt Duchene (CHI)
2 - Steven Stamkos (CHI)
3 - Brent Burns (CHI)
Power Play
Vancouver Canucks - 2 on 3 Attempt(s) - 66.67%
Chicago Black Hawks - 2 on 5 Attempt(s) - 40.00%
Penalty Kill
Vancouver Canucks - 3 on 5 Attempt(s) - 60.00%
- Score 0 goal in Penalty Kill
Chicago Black Hawks - 1 on 3 Attempt(s) - 33.33%
- Score 0 goal in Penalty Kill
Team Stat
Vancouver Canucks - Hits : 25 - Faceoff Wins : 29 - Blocked Shots : 11 - Penalty Minutes : 15
Chicago Black Hawks - Hits : 17 - Faceoff Wins : 33 - Blocked Shots : 9 - Penalty Minutes : 11
Official
Referees : Jon Mclsaac and Tom Kowal
Linesman : Michel Cormier and Andy McElman
Game Notes
Ville Husso enters game at 4:56 of 2nd period
Matt Duchene has scored a Hat Trick!
Lawson Crouse beats up Mikko Rantanen at 7:48 of 3rd period
Finance
Level 1 -- Attendance: 4890 (81.50%) -- Ticket Income $489,000
Level 2 -- Attendance: 4179 (83.58%) -- Ticket Income $250,740
Level 3 -- Attendance: 2940 (98.00%) -- Ticket Income $102,900
Level 4 -- Attendance: 4135 (82.70%) -- Ticket Income $103,375
Luxury Box -- Attendance: 753 (75.30%) -- Ticket Income $150,600
Game was played at the United Center.
Total Attendance: 16897 (84.49%)
Total Ticket Income: $1,096,615
Other Income: $383,815
Total Income: $1,480,430
Vancouver Canucks
5 vs 5 Forward
Center Left Wing Right Wing Time % Phy DF OF
1 Anton Lundell Robby Fabbri Mikko Rantanen 40 1 2 2
2 Aleksander Barkov Jesperi Kotkaniemi Artturi Lehkonen 30 1 2 2
3 Casey Mittelstadt Alex Formenton Kasperi Kapanen 20 1 2 2
4 Nathan Smith Clayton Keller Sam Lafferty 10 1 2 2
5 vs 5 Defense
Defense Defense Time % Phy DF OF
1 Miro Heiskanen Olli Maatta 40 1 2 2
2 Adam Boqvist Nikita Zadorov 30 1 2 2
3 Jake Bean Noah Hanifin 20 1 2 2
4 Nikita Zadorov Noah Hanifin 10 1 2 2
PowerPlay Forward
Center Left Wing Right Wing Time % Phy DF OF
1 Aleksander Barkov Clayton Keller Mikko Rantanen 60 1 2 2
2 Anton Lundell Robby Fabbri Artturi Lehkonen 40 1 2 2
PowerPlay Defense
Defense Defense Time % Phy DF OF
1 Adam Boqvist Noah Hanifin 60 1 2 2
2 Jake Bean Miro Heiskanen 40 1 2 2
Penalty Kill 4 Players Forward
Center Wing Time % Phy DF OF
1 Anton Lundell Alex Formenton 60 1 2 2
2 Aleksander Barkov Clayton Keller 40 1 2 2
Penalty Kill 4 Players Defense
Defense Defense Time % Phy DF OF
1 Miro Heiskanen Olli Maatta 60 1 2 2
2 Noah Hanifin Jake Bean 40 1 2 2
Penalty Kill - 3 Players Forward
Forward Time % Phy DF OF
1 Anton Lundell 60 1 2 2
2 Aleksander Barkov 40 1 2 2
Penalty Kill - 3 Players Defense
Defense Defense Time % Phy DF OF
1 Miro Heiskanen Olli Maatta 60 1 2 2
2 Noah Hanifin Jake Bean 40 1 2 2
4 vs 4 Forward
Center Wing Time % Phy DF OF
1 Aleksander Barkov Mikko Rantanen 60 1 2 2
2 Robby Fabbri Clayton Keller 40 1 2 2
4 vs 4 Defense
Defense Defense Time % Phy DF OF
1 Nikita Zadorov Noah Hanifin 60 1 2 2
2 Miro Heiskanen Adam Boqvist 40 1 2 2
Last Minutes Offensive
Center Left Wing Right Wing Defense Defense
Aleksander Barkov Clayton Keller Mikko Rantanen Miro Heiskanen Noah Hanifin
Last Minutes Defensive
Center Left Wing Right Wing Defense Defense
Anton Lundell Alex Formenton Clayton Keller Miro Heiskanen Olli Maatta
Goaltenders
Starting : Joonas Korpisalo
Backup : Ville Husso
Extra Forwards
Normal : Aleksander Barkov, Mikko Rantanen, Clayton Keller - PP : Robby Fabbri, Kasperi Kapanen - PK : Artturi Lehkonen
Extra Defensemen
Normal : Nikita Zadorov, Noah Hanifin, Miro Heiskanen - PP : Adam Boqvist - PK : Olli Maatta, Jake Bean
Penalty Shots
Aleksander Barkov, Mikko Rantanen, Anton Lundell, Jake Bean, Miro Heiskanen
Chicago Black Hawks
5 vs 5 Forward
Center Left Wing Right Wing Time % Phy DF OF
1 Steven Stamkos Matthew Tkachuk Matt Duchene 40 0 1 4
2 Bo Horvat Chris Kreider Vladimir Tarasenko 30 0 1 4
3 Phillip Danault Nikolaj Ehlers Travis Konecny 20 0 2 3
4 Barclay Goodrow Bryan Rust Lawson Crouse 10 0 2 3
5 vs 5 Defense
Defense Defense Time % Phy DF OF
1 Brent Burns Devon Toews 40 0 2 3
2 Rasmus Ristolainen Mikhail Sergachev 30 0 2 3
3 Rasmus Andersson Nicolas Hague 20 0 4 1
4 Mikhail Sergachev Rasmus Andersson 10 0 3 2
PowerPlay Forward
Center Left Wing Right Wing Time % Phy DF OF
1 Steven Stamkos Chris Kreider Matt Duchene 60 0 0 5
2 Bo Horvat Matthew Tkachuk Travis Konecny 40 0 0 5
PowerPlay Defense
Defense Defense Time % Phy DF OF
1 Brent Burns Mikhail Sergachev 60 0 0 5
2 Devon Toews Vladimir Tarasenko 40 0 0 5
Penalty Kill 4 Players Forward
Center Wing Time % Phy DF OF
1 Barclay Goodrow Lawson Crouse 60 0 5 0
2 Phillip Danault Chris Kreider 40 0 5 0
Penalty Kill 4 Players Defense
Defense Defense Time % Phy DF OF
1 Devon Toews Rasmus Ristolainen 60 0 5 0
2 Brent Burns Mikhail Sergachev 40 0 5 0
Penalty Kill - 3 Players Forward
Forward Time % Phy DF OF
1 Barclay Goodrow 60 0 5 0
2 Phillip Danault 40 0 5 0
Penalty Kill - 3 Players Defense
Defense Defense Time % Phy DF OF
1 Rasmus Ristolainen Mikhail Sergachev 60 0 5 0
2 Devon Toews Nicolas Hague 40 0 5 0
4 vs 4 Forward
Center Wing Time % Phy DF OF
1 Phillip Danault Nikolaj Ehlers 60 0 2 3
2 Bo Horvat Bryan Rust 40 0 2 3
4 vs 4 Defense
Defense Defense Time % Phy DF OF
1 Nicolas Hague Rasmus Ristolainen 60 0 4 1
2 Devon Toews Brent Burns 40 0 2 3
Last Minutes Offensive
Center Left Wing Right Wing Defense Defense
Steven Stamkos Chris Kreider Matthew Tkachuk Brent Burns Devon Toews
Last Minutes Defensive
Center Left Wing Right Wing Defense Defense
Barclay Goodrow Lawson Crouse Phillip Danault Rasmus Ristolainen Brent Burns
Goaltenders
Starting : Ilya Sorokin
Backup : Jordan Binnington
Extra Forwards
Normal : Lawson Crouse, Vladimir Tarasenko, Phillip Danault - PP : Bryan Rust, Nikolaj Ehlers - PK : Bo Horvat
Extra Defensemen
Normal : Rasmus Ristolainen, Nicolas Hague, Devon Toews - PP : Rasmus Ristolainen - PK : Nicolas Hague, Devon Toews
Penalty Shots
Bryan Rust, Matt Duchene, Devon Toews, Bo Horvat, Rasmus Ristolainen
% Time on Ice - Vancouver Canucks
Lines # - Real PCT - Wanted PCT - Time Play
Normal Forward
1 - 33% - 40% - 15:52
2 - 26% - 30% - 12:26
3 - 24% - 20% - 11:24
4 - 16% - 10% - 7:44
Normal Defense
1 - 42% - 40% - 19:57
2 - 32% - 30% - 15:11
3 - 20% - 20% - 9:17
4 - 6% - 10% - 3:01
PP Forward
1 - 63% - 60% - 2:10
2 - 38% - 40% - 1:18
PP Defense
1 - 63% - 60% - 2:11
2 - 37% - 40% - 1:17
PK Forward
1 - 72% - 60% - 6:33
2 - 28% - 40% - 2:33
PK Defense
1 - 58% - 60% - 5:18
2 - 42% - 40% - 3:48
PK3 Forward
1 - 0% - 60%
2 - 0% - 40%
PK3 Defense
1 - 0% - 60%
2 - 0% - 40%
44 Forward
1 - 0% - 60%
2 - 0% - 40%
44 Defense
1 - 0% - 60%
2 - 0% - 40%
Last Minute Offensive - 0:00
Last Minute Defensive - 0:00
Total
Forward - 60:00
Defense - 60:00
|
% Time on Ice - Chicago Black Hawks
Lines # - Real PCT - Wanted PCT - Time Play
Normal Forward
1 - 34% - 40% - 16:15
2 - 27% - 30% - 12:44
3 - 21% - 20% - 10:04
4 - 18% - 10% - 8:23
Normal Defense
1 - 41% - 40% - 19:30
2 - 29% - 30% - 13:55
3 - 24% - 20% - 11:22
4 - 6% - 10% - 2:39
PP Forward
1 - 66% - 60% - 6:00
2 - 34% - 40% - 3:06
PP Defense
1 - 67% - 60% - 6:04
2 - 33% - 40% - 3:02
PK Forward
1 - 85% - 60% - 2:56
2 - 15% - 40% - 0:32
PK Defense
1 - 65% - 60% - 2:16
2 - 35% - 40% - 1:12
PK3 Forward
1 - 0% - 60%
2 - 0% - 40%
PK3 Defense
1 - 0% - 60%
2 - 0% - 40%
44 Forward
1 - 0% - 60%
2 - 0% - 40%
44 Defense
1 - 0% - 60%
2 - 0% - 40%
Last Minute Offensive - 0:00
Last Minute Defensive - 0:00
Total
Forward - 60:00
Defense - 60:00
|
Play-by-Play
1st period
0:01 of 1st period - Steven Stamkos wins face-off versus Anton Lundell in neutral zone.
0:10 of 1st period - Slapshot by Mikko Rantanen.
0:10 of 1st period - Deflect By Brent Burns.
0:10 of 1st period - Shot Misses the Net.
0:10 of 1st period - Puck is out of play.
0:11 of 1st period - Bo Horvat wins face-off versus Artturi Lehkonen in Chicago Black Hawks zone.
0:28 of 1st period - Wrist shot by Vladimir Tarasenko.
0:28 of 1st period - Stopped by Joonas Korpisalo without a rebound.
0:29 of 1st period - Phillip Danault wins face-off versus Kasperi Kapanen in Vancouver Canucks zone.
0:32 of 1st period - Slapshot by Travis Konecny.
0:32 of 1st period - Shot Misses the Net.
0:54 of 1st period - Noah Hanifin is hit by Matt Duchene and loses puck.
2:35 of 1st period - Snap shot by Mikko Rantanen.
2:35 of 1st period - Stopped by Ilya Sorokin without a rebound.
2:36 of 1st period - Bo Horvat wins face-off versus Aleksander Barkov in Chicago Black Hawks zone.
2:51 of 1st period - Wrist shot by Chris Kreider.
2:51 of 1st period - Shot Misses the Net.
3:23 of 1st period - Snap shot by Nikolaj Ehlers.
3:23 of 1st period - Stopped by Joonas Korpisalo with a rebound.
3:25 of 1st period - Slapshot by Rasmus Andersson.
3:25 of 1st period - Shot Blocked by Nathan Smith.
3:27 of 1st period - Slapshot by Nicolas Hague.
3:27 of 1st period - Stopped by Joonas Korpisalo with a rebound.
3:29 of 1st period - Slapshot by Rasmus Andersson.
3:29 of 1st period - Shot Misses the Net.
3:31 of 1st period - Wrist shot by Travis Konecny.
3:31 of 1st period - Goal by Travis Konecny - Vancouver Canucks : 0 - Chicago Black Hawks : 1.
3:32 of 1st period - Anton Lundell wins face-off versus Steven Stamkos in neutral zone.
3:43 of 1st period - Wrist shot by Mikko Rantanen.
3:43 of 1st period - Shot Misses the Net.
3:45 of 1st period - Slapshot by Nikita Zadorov.
3:45 of 1st period - Deflect By Devon Toews.
3:45 of 1st period - Stopped by Ilya Sorokin with a rebound.
3:59 of 1st period - Nikita Zadorov is hit by Devon Toews and loses puck.
4:06 of 1st period - Snap shot by Bo Horvat.
4:06 of 1st period - Shot Misses the Net.
4:08 of 1st period - Wrist shot by Bo Horvat.
4:08 of 1st period - Shot Misses the Net.
4:10 of 1st period - Slapshot by Chris Kreider.
4:10 of 1st period - Shot Misses the Net.
4:50 of 1st period - Nikolaj Ehlers is hit by Clayton Keller and loses puck.
5:21 of 1st period - Artturi Lehkonen is hit by Rasmus Andersson.
5:47 of 1st period - Wrist shot by Lawson Crouse.
5:47 of 1st period - Shot Misses the Net.
6:07 of 1st period - Devon Toews is hit by Robby Fabbri and loses puck.
7:21 of 1st period - Snap shot by Nathan Smith.
7:21 of 1st period - Shot Blocked by Matthew Tkachuk.
7:27 of 1st period - Wrist shot by Matt Duchene.
7:27 of 1st period - Shot Misses the Net.
7:29 of 1st period - Wrist shot by Steven Stamkos.
7:29 of 1st period - Deflect By Matt Duchene.
7:29 of 1st period - Goal by Matt Duchene - Vancouver Canucks : 0 - Chicago Black Hawks : 2.
7:30 of 1st period - Anton Lundell wins face-off versus Bo Horvat in neutral zone.
8:10 of 1st period - Wrist shot by Vladimir Tarasenko.
8:10 of 1st period - Stopped by Joonas Korpisalo with a rebound.
9:08 of 1st period - Off-side.
9:09 of 1st period - Nathan Smith wins face-off versus Matthew Tkachuk in neutral zone.
9:16 of 1st period - Wrist shot by Nathan Smith.
9:16 of 1st period - Stopped by Ilya Sorokin without a rebound.
9:17 of 1st period - Steven Stamkos wins face-off versus Anton Lundell in Chicago Black Hawks zone.
9:30 of 1st period - Snap shot by Matthew Tkachuk.
9:30 of 1st period - Stopped by Joonas Korpisalo with a rebound.
9:32 of 1st period - Wrist shot by Matt Duchene.
9:32 of 1st period - Stopped by Joonas Korpisalo with a rebound.
10:12 of 1st period - Icing by Mikko Rantanen.
10:13 of 1st period - Anton Lundell wins face-off versus Barclay Goodrow in Vancouver Canucks zone.
10:48 of 1st period - Slapshot by Bryan Rust.
10:48 of 1st period - Shot Blocked by Olli Maatta.
10:50 of 1st period - Slapshot by Devon Toews.
10:50 of 1st period - Stopped by Joonas Korpisalo without a rebound.
10:51 of 1st period - Aleksander Barkov wins face-off versus Steven Stamkos in Vancouver Canucks zone.
11:28 of 1st period - Slapshot by Vladimir Tarasenko.
11:28 of 1st period - Stopped by Joonas Korpisalo without a rebound.
11:29 of 1st period - Aleksander Barkov wins face-off versus Phillip Danault in Vancouver Canucks zone.
11:55 of 1st period - Chris Kreider is hit by Casey Mittelstadt and loses puck.
12:03 of 1st period - Off-side.
12:04 of 1st period - Casey Mittelstadt wins face-off versus Steven Stamkos in neutral zone.
12:11 of 1st period - Wrist shot by Alex Formenton.
12:11 of 1st period - Stopped by Ilya Sorokin without a rebound.
12:12 of 1st period - Casey Mittelstadt wins face-off versus Steven Stamkos in Chicago Black Hawks zone.
12:19 of 1st period - Wrist shot by Kasperi Kapanen.
12:19 of 1st period - Shot Blocked by Matthew Tkachuk.
12:48 of 1st period - Minor Penalty to Miro Heiskanen for Diving.
12:49 of 1st period - Anton Lundell wins face-off versus Chris Kreider in Vancouver Canucks zone.
12:53 of 1st period - Olli Maatta is hit by Chris Kreider and loses puck.
13:18 of 1st period - Wrist shot by Matthew Tkachuk.
13:18 of 1st period - Shot Misses the Net.
13:22 of 1st period - Snap shot by Travis Konecny.
13:22 of 1st period - Stopped by Joonas Korpisalo with a rebound.
13:38 of 1st period - Snap shot by Aleksander Barkov.
13:38 of 1st period - Stopped by Ilya Sorokin without a rebound.
13:39 of 1st period - Aleksander Barkov wins face-off versus Steven Stamkos in Chicago Black Hawks zone.
14:42 of 1st period - Matt Duchene is hit by Alex Formenton and loses puck.
14:48 of 1st period - Penalty to Miro Heiskanen is over, Miro Heiskanen is back on ice.
14:55 of 1st period - Slapshot by Noah Hanifin.
14:55 of 1st period - Shot Blocked by Mikhail Sergachev.
14:57 of 1st period - Slapshot by Jake Bean.
14:57 of 1st period - Shot Misses the Net.
14:59 of 1st period - Snap shot by Noah Hanifin.
14:59 of 1st period - Shot Misses the Net.
15:01 of 1st period - Slapshot by Jake Bean.
15:01 of 1st period - Deflect By Brent Burns.
15:01 of 1st period - Stopped by Ilya Sorokin with a rebound.
15:15 of 1st period - Snap shot by Robby Fabbri.
15:15 of 1st period - Stopped by Ilya Sorokin with a rebound.
15:25 of 1st period - Robby Fabbri is hit by Mikhail Sergachev and loses puck.
15:37 of 1st period - Off-side.
15:38 of 1st period - Vladimir Tarasenko wins face-off versus Aleksander Barkov in neutral zone.
15:41 of 1st period - Aleksander Barkov is hit by Vladimir Tarasenko and loses puck.
15:54 of 1st period - Nicolas Hague is hit by Aleksander Barkov and loses puck.
16:32 of 1st period - Snap shot by Matthew Tkachuk.
16:32 of 1st period - Stopped by Joonas Korpisalo without a rebound.
16:33 of 1st period - Bo Horvat wins face-off versus Anton Lundell in Vancouver Canucks zone.
16:58 of 1st period - Brent Burns is hit by Aleksander Barkov and loses puck.
17:25 of 1st period - Brent Burns is hit by Alex Formenton and loses puck.
18:21 of 1st period - Snap shot by Aleksander Barkov.
18:21 of 1st period - Stopped by Ilya Sorokin with a rebound.
18:23 of 1st period - Snap shot by Olli Maatta.
18:23 of 1st period - Stopped by Ilya Sorokin with a rebound.
18:37 of 1st period - Devon Toews is hit by Olli Maatta and loses puck.
18:42 of 1st period - Slapshot by Casey Mittelstadt.
18:42 of 1st period - Stopped by Ilya Sorokin without a rebound.
18:43 of 1st period - Bo Horvat wins face-off versus Casey Mittelstadt in Chicago Black Hawks zone.
18:53 of 1st period - Slapshot by Kasperi Kapanen.
18:53 of 1st period - Stopped by Ilya Sorokin with a rebound.
18:55 of 1st period - Slapshot by Alex Formenton.
18:55 of 1st period - Shot Misses the Net.
18:57 of 1st period - Snap shot by Alex Formenton.
18:57 of 1st period - Shot Blocked by Mikhail Sergachev.
18:59 of 1st period - Wrist shot by Nikita Zadorov.
18:59 of 1st period - Shot Misses the Net.
19:01 of 1st period - Snap shot by Alex Formenton.
19:01 of 1st period - Shot Misses the Net.
19:03 of 1st period - Wrist shot by Nikita Zadorov.
19:03 of 1st period - Shot Blocked by Vladimir Tarasenko.
19:46 of 1st period - Slapshot by Adam Boqvist.
19:46 of 1st period - Stopped by Ilya Sorokin with a rebound.
19:48 of 1st period - Snap shot by Kasperi Kapanen.
19:48 of 1st period - Stopped by Ilya Sorokin with a rebound.
19:53 of 1st period - Minor Penalty to Rasmus Ristolainen for Interference.
19:54 of 1st period - Aleksander Barkov wins face-off versus Barclay Goodrow in Chicago Black Hawks zone.
19:56 of 1st period - Snap shot by Aleksander Barkov.
19:56 of 1st period - Shot Blocked by Nicolas Hague.
Goals for this period are 0 for Vancouver Canucks vs 2 for Chicago Black Hawks.
Shots for this period are 13 for Vancouver Canucks vs 12 for Chicago Black Hawks.
2nd period
0:01 of 2nd period - Barclay Goodrow wins face-off versus Clayton Keller in neutral zone.
0:06 of 2nd period - Adam Boqvist is hit by Lawson Crouse and loses puck.
0:31 of 2nd period - Snap shot by Artturi Lehkonen.
0:31 of 2nd period - Shot Misses the Net.
0:33 of 2nd period - Wrist shot by Anton Lundell.
0:33 of 2nd period - Shot Misses the Net.
0:35 of 2nd period - Wrist shot by Anton Lundell.
0:35 of 2nd period - Stopped by Ilya Sorokin with a rebound.
1:02 of 2nd period - Off-side.
1:03 of 2nd period - Aleksander Barkov wins face-off versus Chris Kreider in neutral zone.
1:08 of 2nd period - Snap shot by Aleksander Barkov.
1:08 of 2nd period - Goal by Aleksander Barkov - Vancouver Canucks : 1 - Chicago Black Hawks : 2.
1:09 of 2nd period - Steven Stamkos wins face-off versus Mikko Rantanen in neutral zone.
1:40 of 2nd period - Chris Kreider is hit by Aleksander Barkov and loses puck.
2:10 of 2nd period - Snap shot by Travis Konecny.
2:10 of 2nd period - Stopped by Joonas Korpisalo with a rebound.
2:34 of 2nd period - Lawson Crouse is hit by Nikita Zadorov and loses puck.
3:15 of 2nd period - Snap shot by Aleksander Barkov.
3:15 of 2nd period - Shot Hit the Post.
3:17 of 2nd period - Slapshot by Miro Heiskanen.
3:17 of 2nd period - Deflect By Brent Burns.
3:17 of 2nd period - Stopped by Ilya Sorokin with a rebound.
3:31 of 2nd period - Slapshot by Bo Horvat.
3:31 of 2nd period - Goal by Bo Horvat - Vancouver Canucks : 1 - Chicago Black Hawks : 3.
3:32 of 2nd period - Anton Lundell wins face-off versus Bo Horvat in neutral zone.
3:35 of 2nd period - Chris Kreider is hit by Miro Heiskanen and loses puck.
3:46 of 2nd period - Slapshot by Rasmus Ristolainen.
3:46 of 2nd period - Stopped by Joonas Korpisalo without a rebound.
3:47 of 2nd period - Aleksander Barkov wins face-off versus Steven Stamkos in Vancouver Canucks zone.
4:10 of 2nd period - Nicolas Hague is hit by Miro Heiskanen and loses puck.
4:56 of 2nd period - Wrist shot by Matt Duchene.
4:56 of 2nd period - Goal by Matt Duchene - Vancouver Canucks : 1 - Chicago Black Hawks : 4.
4:56 of 2nd period - Ville Husso enters game.
4:57 of 2nd period - Chris Kreider wins face-off versus Anton Lundell in neutral zone.
5:02 of 2nd period - Rasmus Ristolainen is hit by Mikko Rantanen and loses puck.
6:07 of 2nd period - Wrist shot by Clayton Keller.
6:07 of 2nd period - Stopped by Ilya Sorokin without a rebound.
6:08 of 2nd period - Bo Horvat wins face-off versus Anton Lundell in Chicago Black Hawks zone.
6:19 of 2nd period - Snap shot by Bo Horvat.
6:19 of 2nd period - Stopped by Ville Husso without a rebound.
6:20 of 2nd period - Steven Stamkos wins face-off versus Mikko Rantanen in Vancouver Canucks zone.
6:47 of 2nd period - Robby Fabbri is hit by Bo Horvat and loses puck.
7:18 of 2nd period - Backhand shot by Artturi Lehkonen.
7:18 of 2nd period - Shot Misses the Net.
7:20 of 2nd period - Slapshot by Nikita Zadorov.
7:20 of 2nd period - Shot Blocked by Devon Toews.
8:09 of 2nd period - Icing by Olli Maatta.
8:10 of 2nd period - Aleksander Barkov wins face-off versus Bo Horvat in Vancouver Canucks zone.
9:53 of 2nd period - Wrist shot by Jesperi Kotkaniemi.
9:53 of 2nd period - Stopped by Ilya Sorokin with a rebound.
9:55 of 2nd period - Wrist shot by Artturi Lehkonen.
9:55 of 2nd period - Stopped by Ilya Sorokin without a rebound.
9:56 of 2nd period - Steven Stamkos wins face-off versus Aleksander Barkov in Chicago Black Hawks zone.
10:54 of 2nd period - Wrist shot by Nikolaj Ehlers.
10:54 of 2nd period - Deflect By Travis Konecny.
10:54 of 2nd period - Stopped by Ville Husso without a rebound.
10:55 of 2nd period - Anton Lundell wins face-off versus Steven Stamkos in Vancouver Canucks zone.
11:37 of 2nd period - Wrist shot by Devon Toews.
11:37 of 2nd period - Shot Misses the Net.
12:10 of 2nd period - Snap shot by Barclay Goodrow.
12:10 of 2nd period - Deflect By Bryan Rust.
12:10 of 2nd period - Stopped by Ville Husso without a rebound.
12:11 of 2nd period - Aleksander Barkov wins face-off versus Barclay Goodrow in Vancouver Canucks zone.
13:01 of 2nd period - Steven Stamkos is hit by Robby Fabbri and loses puck.
13:31 of 2nd period - Minor Penalty to Nicolas Hague for Hooking.
13:32 of 2nd period - Aleksander Barkov wins face-off versus Barclay Goodrow in Chicago Black Hawks zone.
15:31 of 2nd period - Penalty to Nicolas Hague is over, Nicolas Hague is back on ice.
16:20 of 2nd period - Clayton Keller is hit by Chris Kreider and loses puck.
17:19 of 2nd period - Sam Lafferty is hit by Steven Stamkos and loses puck.
18:26 of 2nd period - Matthew Tkachuk is hit by Mikko Rantanen and loses puck.
18:39 of 2nd period - Miro Heiskanen is hit by Brent Burns and loses puck.
19:05 of 2nd period - Alex Formenton is hit by Mikhail Sergachev and loses puck.
19:22 of 2nd period - Snap shot by Steven Stamkos.
19:22 of 2nd period - Stopped by Ville Husso without a rebound.
19:23 of 2nd period - Anton Lundell wins face-off versus Steven Stamkos in Vancouver Canucks zone.
19:23 of 2nd period - Anton Lundell is hit by Devon Toews.
19:26 of 2nd period - Minor Penalty to Nikita Zadorov for Tripping.
19:27 of 2nd period - Steven Stamkos wins face-off versus Anton Lundell in Vancouver Canucks zone.
19:57 of 2nd period - Wrist shot by Bo Horvat.
19:57 of 2nd period - Shot Misses the Net.
Goals for this period are 1 for Vancouver Canucks vs 2 for Chicago Black Hawks.
Shots for this period are 6 for Vancouver Canucks vs 8 for Chicago Black Hawks.
3rd period
0:01 of 3rd period - Anton Lundell wins face-off versus Steven Stamkos in neutral zone.
0:12 of 3rd period - Snap shot by Steven Stamkos.
0:12 of 3rd period - Stopped by Ville Husso with a rebound.
0:32 of 3rd period - Snap shot by Bo Horvat.
0:32 of 3rd period - Shot Misses the Net.
0:34 of 3rd period - Wrist shot by Bo Horvat.
0:34 of 3rd period - Stopped by Ville Husso without a rebound.
0:35 of 3rd period - Steven Stamkos wins face-off versus Aleksander Barkov in Vancouver Canucks zone.
0:38 of 3rd period - Wrist shot by Matt Duchene.
0:38 of 3rd period - Shot Misses the Net.
0:40 of 3rd period - Wrist shot by Steven Stamkos.
0:40 of 3rd period - Stopped by Ville Husso with a rebound.
0:42 of 3rd period - Snap shot by Chris Kreider.
0:42 of 3rd period - Stopped by Ville Husso without a rebound.
0:43 of 3rd period - Steven Stamkos wins face-off versus Anton Lundell in Vancouver Canucks zone.
0:44 of 3rd period - Slapshot by Chris Kreider.
0:44 of 3rd period - Deflect By Matt Duchene.
0:44 of 3rd period - Stopped by Ville Husso without a rebound.
0:45 of 3rd period - Steven Stamkos wins face-off versus Anton Lundell in Vancouver Canucks zone.
0:50 of 3rd period - Snap shot by Steven Stamkos.
0:50 of 3rd period - Deflect By Noah Hanifin.
0:50 of 3rd period - Shot Blocked by Anton Lundell.
0:50 of 3rd period - Puck is out of play.
0:51 of 3rd period - Steven Stamkos wins face-off versus Alex Formenton in Vancouver Canucks zone.
0:58 of 3rd period - Wrist shot by Chris Kreider.
0:58 of 3rd period - Stopped by Ville Husso without a rebound.
0:59 of 3rd period - Steven Stamkos wins face-off versus Anton Lundell in Vancouver Canucks zone.
1:08 of 3rd period - Backhand shot by Matt Duchene.
1:08 of 3rd period - Stopped by Ville Husso with a rebound.
1:10 of 3rd period - Snap shot by Steven Stamkos.
1:10 of 3rd period - Stopped by Ville Husso with a rebound.
1:12 of 3rd period - Snap shot by Steven Stamkos.
1:12 of 3rd period - Goal by Steven Stamkos - Vancouver Canucks : 1 - Chicago Black Hawks : 5.
1:13 of 3rd period - Steven Stamkos wins face-off versus Anton Lundell in neutral zone.
1:20 of 3rd period - Wrist shot by Matt Duchene.
1:20 of 3rd period - Stopped by Ville Husso with a rebound.
1:22 of 3rd period - Slapshot by Matthew Tkachuk.
1:22 of 3rd period - Shot Misses the Net.
1:24 of 3rd period - Snap shot by Matthew Tkachuk.
1:24 of 3rd period - Stopped by Ville Husso with a rebound.
1:36 of 3rd period - Minor Penalty to Mikko Rantanen for Hooking.
1:37 of 3rd period - Anton Lundell wins face-off versus Matt Duchene in Vancouver Canucks zone.
1:44 of 3rd period - Slapshot by Miro Heiskanen.
1:44 of 3rd period - Stopped by Ilya Sorokin without a rebound.
1:45 of 3rd period - Steven Stamkos wins face-off versus Anton Lundell in Chicago Black Hawks zone.
2:31 of 3rd period - Slapshot by Steven Stamkos.
2:31 of 3rd period - Shot Misses the Net.
2:33 of 3rd period - Slapshot by Mikhail Sergachev.
2:33 of 3rd period - Shot Blocked by Noah Hanifin.
2:43 of 3rd period - Snap shot by Matt Duchene.
2:43 of 3rd period - Shot Misses the Net.
2:55 of 3rd period - Slapshot by Chris Kreider.
2:55 of 3rd period - Shot Hit the Post.
2:57 of 3rd period - Snap shot by Mikhail Sergachev.
2:57 of 3rd period - Deflect By Clayton Keller.
2:57 of 3rd period - Stopped by Ville Husso with a rebound.
2:59 of 3rd period - Snap shot by Matt Duchene.
2:59 of 3rd period - Goal by Matt Duchene - Vancouver Canucks : 1 - Chicago Black Hawks : 6.
3:00 of 3rd period - Phillip Danault wins face-off versus Anton Lundell in neutral zone.
3:07 of 3rd period - Snap shot by Travis Konecny.
3:07 of 3rd period - Shot Blocked by Olli Maatta.
3:09 of 3rd period - Backhand shot by Nicolas Hague.
3:09 of 3rd period - Stopped by Ville Husso with a rebound.
3:27 of 3rd period - Kasperi Kapanen is hit by Lawson Crouse and loses puck.
3:45 of 3rd period - Icing by Vladimir Tarasenko.
3:46 of 3rd period - Aleksander Barkov wins face-off versus Bo Horvat in Chicago Black Hawks zone.
3:49 of 3rd period - Wrist shot by Aleksander Barkov.
3:49 of 3rd period - Shot Misses the Net.
4:28 of 3rd period - Off-side.
4:29 of 3rd period - Phillip Danault wins face-off versus Casey Mittelstadt in neutral zone.
4:32 of 3rd period - Slapshot by Brent Burns.
4:32 of 3rd period - Shot Blocked by Olli Maatta.
4:34 of 3rd period - Slapshot by Brent Burns.
4:34 of 3rd period - Stopped by Ville Husso with a rebound.
4:36 of 3rd period - Slapshot by Devon Toews.
4:36 of 3rd period - Shot Blocked by Kasperi Kapanen.
5:13 of 3rd period - Wrist shot by Nikolaj Ehlers.
5:13 of 3rd period - Shot Blocked by Olli Maatta.
5:15 of 3rd period - Slapshot by Mikhail Sergachev.
5:15 of 3rd period - Stopped by Ville Husso without a rebound.
5:16 of 3rd period - Anton Lundell wins face-off versus Steven Stamkos in Vancouver Canucks zone.
5:55 of 3rd period - Bo Horvat is hit by Aleksander Barkov and loses puck.
6:30 of 3rd period - Matt Duchene is hit by Mikko Rantanen and loses puck.
6:49 of 3rd period - Adam Boqvist is hit by Travis Konecny and loses puck.
7:29 of 3rd period - Snap shot by Mikko Rantanen.
7:29 of 3rd period - Stopped by Ilya Sorokin without a rebound.
7:30 of 3rd period - Anton Lundell wins face-off versus Barclay Goodrow in Chicago Black Hawks zone.
7:48 of 3rd period - Lawson Crouse beats up Mikko Rantanen.
7:48 of 3rd period - Penalty to Lawson Crouse for Fighting.
7:48 of 3rd period - Penalty to Mikko Rantanen for Fighting.
7:49 of 3rd period - Anton Lundell wins face-off versus Steven Stamkos in Chicago Black Hawks zone.
7:56 of 3rd period - Steven Stamkos is hit by Aleksander Barkov and loses puck.
8:58 of 3rd period - Wrist shot by Aleksander Barkov.
8:58 of 3rd period - Shot Misses the Net.
9:00 of 3rd period - Slapshot by Artturi Lehkonen.
9:00 of 3rd period - Shot Blocked by Brent Burns.
9:02 of 3rd period - Slapshot by Miro Heiskanen.
9:02 of 3rd period - Shot Misses the Net.
9:04 of 3rd period - Snap shot by Aleksander Barkov.
9:04 of 3rd period - Shot Misses the Net.
9:06 of 3rd period - Wrist shot by Aleksander Barkov.
9:06 of 3rd period - Stopped by Ilya Sorokin with a rebound.
9:18 of 3rd period - Snap shot by Vladimir Tarasenko.
9:18 of 3rd period - Stopped by Ville Husso without a rebound.
9:19 of 3rd period - Barclay Goodrow wins face-off versus Anton Lundell in Vancouver Canucks zone.
9:32 of 3rd period - Wrist shot by Vladimir Tarasenko.
9:32 of 3rd period - Shot Blocked by Clayton Keller.
9:34 of 3rd period - Slapshot by Mikhail Sergachev.
9:34 of 3rd period - Shot Misses the Net.
9:44 of 3rd period - Steven Stamkos is hit by Noah Hanifin and loses puck.
9:57 of 3rd period - Wrist shot by Artturi Lehkonen.
9:57 of 3rd period - Stopped by Ilya Sorokin with a rebound.
10:59 of 3rd period - Wrist shot by Steven Stamkos.
10:59 of 3rd period - Stopped by Ville Husso with a rebound.
11:01 of 3rd period - Wrist shot by Nicolas Hague.
11:01 of 3rd period - Stopped by Ville Husso without a rebound.
11:02 of 3rd period - Anton Lundell wins face-off versus Steven Stamkos in Vancouver Canucks zone.
11:08 of 3rd period - Snap shot by Anton Lundell.
11:08 of 3rd period - Stopped by Ilya Sorokin without a rebound.
11:09 of 3rd period - Anton Lundell wins face-off versus Steven Stamkos in Chicago Black Hawks zone.
11:58 of 3rd period - Nikolaj Ehlers is hit by Nathan Smith and loses puck.
12:18 of 3rd period - Minor Penalty to Jesperi Kotkaniemi for Hooking.
12:19 of 3rd period - Steven Stamkos wins face-off versus Anton Lundell in Vancouver Canucks zone.
12:45 of 3rd period - Matthew Tkachuk is hit by Anton Lundell and loses puck.
12:48 of 3rd period - Penalty to Mikko Rantanen is over, Mikko Rantanen is back on ice.
13:00 of 3rd period - Wrist shot by Mikko Rantanen.
13:00 of 3rd period - Shot Blocked by Brent Burns.
13:02 of 3rd period - Snap shot by Anton Lundell.
13:02 of 3rd period - Stopped by Ilya Sorokin with a rebound.
13:08 of 3rd period - Wrist shot by Anton Lundell.
13:08 of 3rd period - Stopped by Ilya Sorokin without a rebound.
13:09 of 3rd period - Aleksander Barkov wins face-off versus Steven Stamkos in Chicago Black Hawks zone.
14:03 of 3rd period - Travis Konecny is hit by Aleksander Barkov and loses puck.
14:18 of 3rd period - Penalty to Jesperi Kotkaniemi is over, Jesperi Kotkaniemi is back on ice.
14:37 of 3rd period - Backhand shot by Lawson Crouse.
14:37 of 3rd period - Stopped by Ville Husso without a rebound.
14:38 of 3rd period - Barclay Goodrow wins face-off versus Nathan Smith in Vancouver Canucks zone.
14:49 of 3rd period - Snap shot by Nathan Smith.
14:49 of 3rd period - Shot Hit the Post.
14:51 of 3rd period - Snap shot by Clayton Keller.
14:51 of 3rd period - Deflect By Sam Lafferty.
14:51 of 3rd period - Shot Misses the Net.
14:51 of 3rd period - Puck is out of play.
14:52 of 3rd period - Steven Stamkos wins face-off versus Anton Lundell in Chicago Black Hawks zone.
15:04 of 3rd period - Off-side.
15:05 of 3rd period - Steven Stamkos wins face-off versus Anton Lundell in neutral zone.
15:54 of 3rd period - Minor Penalty to Travis Konecny for Roughing.
15:55 of 3rd period - Barclay Goodrow wins face-off versus Aleksander Barkov in Chicago Black Hawks zone.
15:55 of 3rd period - Barclay Goodrow is hit by Mikko Rantanen.
16:08 of 3rd period - Snap shot by Clayton Keller.
16:08 of 3rd period - Goal by Clayton Keller - Vancouver Canucks : 2 - Chicago Black Hawks : 6.
16:09 of 3rd period - Steven Stamkos wins face-off versus Anton Lundell in neutral zone.
16:11 of 3rd period - Off-side.
16:12 of 3rd period - Steven Stamkos wins face-off versus Anton Lundell in neutral zone.
16:17 of 3rd period - Slapshot by Matt Duchene.
16:17 of 3rd period - Shot Misses the Net.
16:19 of 3rd period - Snap shot by Steven Stamkos.
16:19 of 3rd period - Shot Misses the Net.
16:59 of 3rd period - Wrist shot by Travis Konecny.
16:59 of 3rd period - Shot Blocked by Jake Bean.
17:01 of 3rd period - Wrist shot by Devon Toews.
17:01 of 3rd period - Shot Misses the Net.
17:03 of 3rd period - Snap shot by Phillip Danault.
17:03 of 3rd period - Shot Misses the Net.
17:09 of 3rd period - Wrist shot by Travis Konecny.
17:09 of 3rd period - Stopped by Ville Husso with a rebound.
17:11 of 3rd period - Slapshot by Brent Burns.
17:11 of 3rd period - Shot Blocked by Noah Hanifin.
17:35 of 3rd period - Rasmus Ristolainen is hit by Sam Lafferty and loses puck.
17:57 of 3rd period - Minor Penalty to Robby Fabbri for Tripping.
17:58 of 3rd period - Steven Stamkos wins face-off versus Anton Lundell in Vancouver Canucks zone.
18:06 of 3rd period - Wrist shot by Anton Lundell.
18:06 of 3rd period - Shot Misses the Net.
18:08 of 3rd period - Slapshot by Alex Formenton.
18:08 of 3rd period - Stopped by Ilya Sorokin without a rebound.
18:09 of 3rd period - Anton Lundell wins face-off versus Matt Duchene in Chicago Black Hawks zone.
18:34 of 3rd period - Olli Maatta is hit by Bo Horvat and loses puck.
19:11 of 3rd period - Devon Toews is hit by Clayton Keller and loses puck.
19:26 of 3rd period - Artturi Lehkonen is hit by Chris Kreider and loses puck.
19:57 of 3rd period - Penalty to Robby Fabbri is over, Robby Fabbri is back on ice.
Goals for this period are 1 for Vancouver Canucks vs 2 for Chicago Black Hawks.
Shots for this period are 9 for Vancouver Canucks vs 21 for Chicago Black Hawks.
Back to the Top